 Dungeon Crawl Stone Soup version 0.31.0-12-g77e489cdc1 (webtiles) character file.

Game seed: 1152486765654533001

427 Peloso the Slasher (level 6, -4/55 HPs)
             Began as a Minotaur Fighter on Feb 16, 2024.
             Incinerated by a bombardier beetle (5 damage)
             ... with a burning spray
             ... on level 3 of the Dungeon.
             The game lasted 00:03:12 (1574 turns).

Peloso the Slasher (Minotaur Fighter)               Turns: 1574, Time: 00:03:13

Health: -4/55      AC:  8    Str: 19 (21) XL:     6   Next: 65%
Magic:  0/5        EV:  9    Int:  3 (5)  God:
Gold:   85         SH:  4    Dex:  9 (11) Spells: 5/5 levels left

rFire   . . .        a - +0 long sword
rCold   . . .        c - +0 buckler
rNeg    . . .        b - +0 scale mail
rPois   .            (helmet restricted)
rElec   .            (no cloak)
rCorr   .            j - +0 pair of gloves
SInv    .            (no boots)
Will    .....        k - amulet of guardian spirit Stlth
                     (no ring)
HPRegen 0.29/turn    (no ring)
MPRegen 0.09/turn

%: guardian spirit
@: on fire, glowing
A: horns 2, retaliatory headbutt
a: no special abilities


You were on level 3 of the Dungeon.
You visited 1 branch of the dungeon, and saw 4 of its levels.

You collected 85 gold pieces.

Inventory:

Hand Weapons
 a - a +0 long sword (weapon)
Armour
 b - a +0 scale mail (worn)
 c - a +0 buckler (worn)
 j - a +0 pair of gloves (worn)
Jewellery
 k - an amulet of guardian spirit (around neck)
 l - an amulet of magic regeneration
Scrolls
 d - a scroll of enchant weapon {unknown}
 e - 3 scrolls of amnesia {unknown}
 f - 2 scrolls of immolation {unknown}
 h - a scroll of revelation {unknown}


   Skills:
 + Level 4.9 Fighting
 + Level 5.7 Long Blades
 + Level 5.3 Armour
 + Level 2.1 Dodging
 + Level 4.5 Shields


You had 5 spell levels left.
You didn't know any spells.
Your spell library contained the following spells:

 Spells                   Type           Power      Damage    Failure   Level
 Slow                     Hex            0%         N/A       91%         1
 Confusing Touch          Hex            0%         N/A       99%         3
 Sigil of Binding         Hex            0%         N/A       99%         3
 Tukima's Dance           Hex            0%         N/A       99%         3
 Vampiric Draining        Necr           0%         2d6       99%         3
 Dimensional Bullseye     Hex/Tloc       0%         N/A       100%        4
 Iskenderun's Mystic Bla  Conj/Tloc      0%         2d3       100%        4


Dungeon Overview and Level Annotations

Branches:
Dungeon (4/15)
 Temple: D:4-7

Altars:


Innate Abilities, Weirdness & Mutations

You have a pair of horns on your head.
You reflexively headbutt those who attack you in melee.


Message History

Your headbutt misses the bombardier beetle.
The bombardier beetle is severely wounded.
The liquid fire burns you!
* * * LOW HITPOINT WARNING * * *
You block the bombardier beetle's attack.
You barely miss the bombardier beetle.
The bombardier beetle is severely wounded.
The liquid fire burns you!
* * * LOW HITPOINT WARNING * * *
The bombardier beetle bites you.
* * * LOW HITPOINT WARNING * * *
You slash the bombardier beetle!
You kill the bombardier beetle!
The liquid fire burns you!
* * * LOW HITPOINT WARNING * * *
Your Dodging skill increases to level 2!
Unknown command.
You shake off some of the fire as you move.
The liquid fire burns you!
* * * LOW HITPOINT WARNING * * *
You see here a +0 falchion.
It was a potion of curing.
You feel better. The liquid fire burns you!
* * * LOW HITPOINT WARNING * * *
You shake off some of the fire as you move.
The liquid fire burns you!
* * * LOW HITPOINT WARNING * * *
You shake off some of the fire as you move.
The liquid fire burns you!
* * * LOW HITPOINT WARNING * * *
You feel better. The liquid fire burns you!
* * * LOW HITPOINT WARNING * * *
You shake off some of the fire as you move.
The liquid fire burns you!
* * * LOW HITPOINT WARNING * * *
It was a potion of degeneration.
There was something very wrong with that liquid.
You feel weakened.
You feel dopey.
You feel clumsy. The liquid fire burns you!
You die...

# #.# #.. # #.###.##
####### # #.##...#
#.....# ###†##...#
#.....# .))..)...###
###.....#
#####)#'#............#
#####.#.#.#####......#
........#.## #......###
...#.#.....####.@/......
##......................
###.#.......##)###.....
#.#######....# ....
#.....)..<##†# ...
#..#########.# .. #. ...
. ###. #.


There were no monsters in sight!

Vanquished Creatures
  2 black bears (D:4)
  A phantom (D:4)
  A bombardier beetle (D:3)
  An orc priest (D:3)
  An orc wizard (D:3)
  Terence (D:3)
  2 dart slugs (D:1)
  4 orcs
  7 ball pythons
  A bat (D:3)
  3 giant cockroaches (D:1)
  3 goblins
  3 hobgoblins
  4 jackals (D:1)
  4 kobolds
  A frilled lizard (D:1)
  4 rats
43 creatures vanquished.

Vanquished Creatures (others)
  An orc wizard (D:3)
1 creature vanquished.

Grand Total: 44 creatures vanquished

Notes
Turn   | Place    | Note
-------+----------+-------------------------------------------
     0 | D:1      | Peloso the Minotaur Fighter began the quest for the Orb.
     0 | D:1      | Reached XP level 1. HP: 19/19 MP: 0/0
    63 | D:1      | Reached XP level 2. HP: 20/27 MP: 1/1
   702 | D:1      | Reached XP level 3. HP: 33/33 MP: 2/2
   992 | D:2      | You fall into a shaft and drop 2 floors!
  1073 | D:4      | Noticed a black bear
  1073 | D:4      | Noticed a black bear
  1085 | D:4      | Killed a black bear
  1086 | D:4      | Reached XP level 4. HP: 20/41 MP: 3/3
  1087 | D:4      | Killed a black bear
  1088 | D:4      | Reached skill level 5 in Armour
  1088 | D:4      | Reached skill level 1 in Dodging
  1088 | D:4      | Reached XP level 5. HP: 18/47 MP: 4/4
  1315 | D:4      | Noticed a phantom
  1332 | D:4      | Killed a phantom
  1333 | D:4      | Reached skill level 5 in Long Blades
  1333 | D:4      | Reached XP level 6. HP: 42/53 MP: 5/5
  1532 | D:3      | Noticed Terence
  1542 | D:3      | Killed Terence
  1568 | D:3      | HP: 2/55 [burnt (2)]
  1573 | D:3      | HP: 1/55 [burnt (4)]
  1574 | D:3      | Incinerated by a bombardier beetle

Illustrated notes

Levels and vault maps discovered:
D:1:      pf_arrival_petrified_forest, layout_loops_corners, serial_bayou,
          serial_bayou_lake_a, serial_bayou_pond_c, serial_bayou_shore_b,
          serial_bayou_crossing
D:2:      layout_basic
D:3:      minmay_chambers_of_twos, layout_basic, mainiacjoe_overflow_paths,
          fedhas_altar_fruit_tree, uniq_terence
D:4:      layout_loops_ring, trog_ov_bears_minmay

Skill      XL: |  1  2  3  4  5  6 |
---------------+-------------------+-----
Fighting       | 4 |  4.9
Armour         | 4 5 |  5.3
Shields        | 4 |  4.5
Long Blades    | 4 5 |  5.7
Dodging        | 1 2 |  2.1

Action                     |  1- 3 |  4- 6 || total
---------------------------+-------+-------++-------
  Melee: Long sword        |    70 |    65 ||   135
         Headbutt          |     5 |    16 ||    21
    Use: Potion            |     2 |     3 ||     5
 Armour: Scale mail        |    48 |    42 ||    90
  Dodge: Dodged            |    34 |    23 ||    57
  Block: Buckler           |    16 |    12 ||    28
